Map: Eastwatch LE

Players

madumlao - Winner!

  • Race: Zerg Zerg
  • League: Gold
  • Spawn Location: 1:00

Alejandro

  • Race: Terran Terran
  • League: Gold
  • Spawn Location: 7:00

VOD

Have the link to the VOD?

Description

Time

  • Played on: March 3, 2018, 9:29 p.m.
  • Length: 25:20
Show
View Real Time Build Order
Export as new Build Order

madumlao Zerg - Winner!

Build Orders: Hatch First 

Get SALT Encoding   

  12  0:02  Drone  
  13  0:08  Drone  
  14  0:41  Overlord  
  14  0:45  Extractor  
  14  0:47  Drone  
  14  0:51  Hatchery  
  14  0:52  Drone  
  14  1:03  Drone  
  14  1:04  Drone  
  16  1:21  Spawning Pool  
  16  1:22  Drone  
  16  1:30  Drone  
  17  1:40  Drone  
  18  1:53  Drone  
  19  2:06  Drone x2  
  21  2:08  Queen  
  21  2:11  Metabolic Boost  
  23  2:17  Zergling x4  
  23  2:19  Zergling x2  
  26  2:41  Evolution Chamber  
  26  2:42  Drone x3  
  28  2:49  Overlord  
  28  2:54  Extractor  
  27  3:02  Overlord  
  27  3:07  Queen  
  27  3:11  Zergling x6  
  27  3:12  Zergling x2  
  33  3:19  Zergling x6  
  36  3:24  Zergling x4  
  38  3:42  Overlord  
  38  3:51  Hatchery  
  38  3:55  Overlord  
  37  3:56  Overlord  
  34  4:15  Lair  
  34  4:16  Overlord  
  34  4:17  Baneling Nest  
  33  4:27  Drone x4  
  37  4:38  Drone x4  
  41  4:49  Drone x3  
  44  5:01  Zerg Ground Armor Level 1  
  44  5:08  Baneling x2  
  44  5:10  Baneling x2  
  44  5:15  Baneling x2  
  44  5:27  Infestation Pit  
  38  5:29  Spire  
  36  5:38  Extractor  
  36  5:40  Drone x5  
  36  5:41  Drone x5  
  45  5:57  Hydralisk Den  
  35  6:12  Zergling x4  
  35  6:13  Zergling x10  
  35  6:14  Drone  
  43  6:20  Drone x2  
  45  6:27  Spine Crawler  
  45  6:29  Spine Crawler  
  45  6:32  Drone x2, Spore Crawler  
  44  6:33  Drone  
  45  6:49  Hive  
  38  7:11  Hydralisk x2  
  38  7:12  Hydralisk x2  
  37  7:46  Drone x5  
  37  7:47  Drone x4  
  44  7:58  Extractor  
  39  7:59  Extractor  
  39  8:00  Zergling x10  
  41  8:06  Hydralisk  
  41  8:13  Drone x2  
  42  8:23  Drone x3  
  45  8:47  Drone x6  
  51  8:57  Hydralisk x3  
  51  8:59  Extractor  
  56  9:03  Zergling x4  
  56  9:04  Zergling x2  
  57  9:17  Infestation Pit  
  57  9:23  Overlord  
  57  9:24  Overlord  
  56  9:25  Drone x4  
  60  9:38  Drone x3  
  63  9:44  Queen x3  
  69  9:49  Drone x3  
  72  10:02  Drone  
  72  10:03  Drone x2  
  69  10:11  Hydralisk  
  69  10:12  Zergling x4  
  73  10:19  Zergling x2  
  73  10:20  Zergling x8  
  49  11:48  Adrenal Glands  
  49  11:49  Ultralisk Cavern  
  49  11:52  Zerg Ground Armor Level 2  
  48  12:27  Hatchery  
  47  12:39  Hatchery  
  46  12:46  Chitinous Plating  
  46  12:48  Ultralisk, Overlord  
  46  12:49  Overlord  
  46  12:51  Ultralisk  
  58  12:52  Ultralisk x2  
  58  12:53  Ultralisk  
  58  12:54  Ultralisk  
  58  12:56  Overlord  
  58  12:57  Overlord  
  82  12:58  Overlord  
  82  13:17  Drone x4  
  82  13:18  Drone x3  
  89  13:29  Hydralisk x2  
  92  13:45  Hydralisk x3  
  98  13:52  Extractor x2  
  98  13:53  Drone x2  
  98  13:56  Drone  
  98  13:58  Drone  
  100  14:08  Hydralisk x2  
  104  14:11  Hydralisk  
  106  14:17  Hydralisk  
  106  14:20  Drone x2  
  104  14:34  Ultralisk, Hydralisk  
  101  14:44  Hydralisk  
  101  14:45  Hydralisk  
  88  14:52  Hydralisk  
  88  14:56  Drone x2  
  89  15:00  Drone  
  89  15:08  Drone  
  89  15:09  Drone x2  
  92  15:15  Hydralisk  
  92  15:19  Drone  
  95  15:27  Zerg Melee Weapons Level 1  
  95  15:32  Hydralisk  
  95  15:34  Drone  
  98  15:40  Drone  
  98  15:41  Drone  
  100  15:48  Drone x3  
  103  16:02  Hydralisk x3  
  81  16:11  Hydralisk x2  
  79  16:23  Hydralisk  
  79  16:24  Hydralisk x2  
  71  16:33  Hydralisk x2  
  59  16:41  Drone x2  
  59  16:42  Drone x4  
  65  16:52  Hydralisk x2  
  69  17:06  Ultralisk  
  75  17:11  Ultralisk  
  81  17:19  Muscular Augments  
  81  17:27  Ultralisk  
  83  17:48  Ultralisk x2  
  94  18:07  Drone x6  
  94  18:08  Drone x4  
  94  18:09  Drone x2  
  106  18:21  Spore Crawler  
  106  18:24  Spore Crawler  
  106  18:25  Evolution Chamber  
  102  18:30  Grooved Spines  
  96  18:47  Drone x4  
  96  18:48  Drone x7  
  105  18:49  Drone  
  105  18:50  Hatchery  
  106  18:58  Spire  
  105  19:05  Hydralisk x3  
  111  19:10  Extractor  
  111  19:11  Extractor  
  111  19:13  Spore Crawler  
  111  19:14  Spore Crawler  
  106  19:26  Spore Crawler  
  106  19:28  Drone x3  
  106  19:29  Drone x6  
  104  19:50  Mutalisk x2  
  101  20:41  Mutalisk  
  101  20:42  Mutalisk x4  
  107  20:43  Mutalisk  
  113  20:50  Extractor x2  
  113  20:51  Zergling x4  
  113  20:52  Zergling x8  
  117  21:01  Mutalisk x2  
  117  21:02  Zergling x4  
  123  21:08  Mutalisk  
  123  21:09  Mutalisk  
  127  21:21  Hydralisk  
  127  21:22  Hydralisk x3  
  135  21:30  Mutalisk  
  137  21:33  Mutalisk  
  139  21:42  Mutalisk  
  141  21:50  Mutalisk  
  141  21:52  Mutalisk  
  141  21:59  Mutalisk  
  108  22:08  Zergling x4  
  108  22:09  Zergling x16  
  108  22:10  Zergling x2  
  107  22:18  Zergling x2  
  88  22:36  Zergling x6  
  88  22:37  Zergling x10  
  92  22:45  Ultralisk x2  
  92  22:49  Drone x2  
  106  23:11  Mutalisk x2  
  106  23:12  Mutalisk x3  
  113  23:19  Zergling x14  
  107  23:28  Ultralisk  
  89  23:43  Zergling x14  
  95  23:52  Ultralisk  
  96  24:03  Mutalisk  
  96  24:06  Drone  
  96  24:07  Drone x3  
  79  24:33  Zergling x10  
  79  24:34  Zergling x8  
  79  24:57  Drone x4  
  79  24:58  Drone x2  
Show
View Real Time Build Order
Export as new Build Order

Alejandro Terran 

Build Orders:  

Get SALT Encoding   

  12  0:01  SCV  
  13  0:13  SCV  
  14  0:18  Supply Depot  
  14  0:25  SCV  
  15  0:40  SCV  
  15  0:42  Barracks  
  16  0:51  Refinery  
  16  0:52  SCV  
  17  1:07  SCV, Supply Depot  
  17  1:11  Refinery  
  18  1:22  SCV  
  19  1:37  Orbital Command  
  19  1:38  Marine  
  20  2:01  Marine  
  21  2:10  Barracks  
  21  2:16  Factory  
  21  2:22  Supply Depot  
  21  2:28  Marine  
  22  2:35  SCV  
  23  2:46  Marine  
  23  2:47  SCV, Supply Depot  
  25  2:58  Marine  
  25  3:02  Widow Mine  
  25  3:04  Marine  
  29  3:06  SCV  
  30  3:18  SCV  
  31  3:28  Marine x2  
  33  3:36  Command Center  
  33  3:46  Marine x2  
  33  3:47  SCV  
  32  4:11  Hellion  
  32  4:12  Marine x2  
  33  4:20  Barracks  
  33  4:26  SCV, Starport  
  33  4:27  Engineering Bay  
  33  4:30  Marine x2  
  36  4:32  Hellion  
  36  4:38  SCV  
  37  4:54  Hellion  
  37  4:58  Factory  
  39  5:04  Supply Depot  
  39  5:05  Supply Depot  
  39  5:06  Supply Depot  
  39  5:08  SCV  
  39  5:10  Supply Depot  
  39  5:11  Marine  
  41  5:16  Medivac  
  33  5:33  Marine x3  
  34  5:36  Hellion  
  36  5:47  Armory  
  36  5:58  Hellion, Marine x2  
  36  5:59  Marine  
  41  6:10  Factory Reactor  
  41  6:16  Marine x3  
  42  6:19  Hellion  
  44  6:34  Marine x3  
  44  6:35  Medivac  
  49  6:52  Marine x3  
  52  7:13  Marine x2  
  52  7:14  Marine  
  53  7:31  Marine  
  48  7:50  Marine x2  
  48  8:06  Marine  
  48  8:07  Marine  
  48  8:08  Marine  
  45  8:23  Marine  
  46  8:35  Command Center  
  46  8:40  Marine x2  
  48  8:41  Marine  
  48  8:45  Bunker  
  48  8:46  Supply Depot  
  48  8:47  Hellion x2  
  55  8:50  Factory Tech Lab  
  55  8:51  Supply Depot, Medivac  
  55  8:53  Supply Depot  
  55  9:08  Hellion x2  
  59  9:12  Hellion  
  60  9:30  Hellion, Marine x3  
  65  9:48  Marine x2  
  65  9:50  Orbital Command  
  67  9:53  SCV  
  67  9:59  Marine  
  68  10:05  Marine  
  68  10:22  Marine x2  
  68  10:23  Marine  
  69  10:40  Marine x2  
  69  10:50  Marine  
  70  10:58  Marine x2  
  71  11:07  Marine  
  71  11:15  Missile Turret  
  71  11:16  Marine  
  71  11:17  Marine  
  73  11:23  Missile Turret  
  73  11:25  Marine  
  68  11:40  Marine x2  
  68  11:43  Marine  
  68  11:45  Infernal Pre-Igniter  
  71  11:50  Terran Vehicle Weapons Level 1  
  71  11:51  Terran Infantry Weapons Level 1  
  71  11:53  SCV x2  
  73  12:05  SCV x2  
  75  12:12  Starport Tech Lab  
  75  12:15  Barracks Tech Lab  
  75  12:16  Marine x2  
  75  12:19  Hellion x3  
  75  12:21  Command Center  
  83  12:26  Refinery  
  83  12:28  Refinery  
  83  12:33  Marine  
  84  12:40  Hellion  
  84  12:41  Hellion x2  
  90  13:02  Hellion x3  
  96  13:06  Command Center  
  96  13:23  Hellion x2  
  96  13:24  Hellion  
  100  13:40  Marine x2, Marauder  
  69  13:45  Hellion  
  69  13:57  Widow Mine x2, Marine  
  69  13:58  Marine  
  69  14:02  Marauder  
  77  14:06  Thor  
  83  14:15  Marine x2  
  84  14:23  Marauder  
  84  14:33  Marine  
  85  14:45  Marauder  
  83  14:49  Thor  
  77  15:06  Marauder  
  79  15:08  Liberator  
  79  15:09  Marine x2  
  75  15:15  Planetary Fortress  
  75  15:19  Missile Turret  
  75  15:27  Marine x2, Marauder  
  82  15:31  Thor  
  88  15:45  Marine x2  
  88  15:49  Marauder  
  86  16:03  Marine x2  
  80  16:10  Marauder  
  69  16:14  Thor  
  63  16:21  Marine x2  
  59  16:32  Marauder  
  57  16:38  Marine x2  
  51  16:45  Planetary Fortress  
  51  16:50  Missile Turret  
  51  16:53  Marauder  
  53  16:56  Marine x2  
  53  16:57  Thor  
  62  17:01  SCV x3  
  62  17:05  Terran Infantry Armor Level 1  
  64  17:09  Terran Vehicle And Ship Armor Level 1  
  64  17:10  Missile Turret  
  64  17:13  SCV x2  
  64  17:14  Marine x2, Marauder  
  70  17:32  Marine x2  
  70  17:36  Marauder  
  70  17:37  Bunker  
  74  17:40  Thor  
  79  17:50  Marine x2  
  81  17:57  Marauder  
  79  18:07  Marine, Supply Depot  
  79  18:08  Marine, Combat Shields  
  81  18:17  SCV  
  81  18:18  SCV x2, Marauder  
  81  18:19  Barracks  
  86  18:20  Barracks  
  86  18:25  Marine  
  79  18:40  Marauder  
  68  18:56  Marine x2  
  68  18:58  Thor  
  68  19:01  Marauder  
  78  19:14  Marine  
  79  19:19  Marine x2  
  79  19:23  Marauder  
  83  19:27  Missile Turret  
  82  19:33  Marine x2  
  70  19:41  Thor  
  70  19:44  Marauder  
  68  19:52  Marine x2  
  69  19:54  Marine  
  69  19:55  Marine  
  68  20:04  Terran Infantry Armor Level 2  
  68  20:05  Marauder  
  68  20:06  Terran Vehicle Weapons Level 2  
  70  20:10  Marine x2  
  70  20:12  Marine  
  70  20:13  Marine  
  74  20:24  Thor  
  74  20:27  Marine, Marauder  
  74  20:28  Marine  
  75  20:30  Marine x2  
  77  20:45  Marine x2  
  77  20:48  Marine x2, Marauder  
  83  20:52  Widow Mine  
  83  20:53  Widow Mine  
  87  21:03  Marine x2  
  89  21:06  Marine x2  
  89  21:07  Thor  
  89  21:10  Marauder  
  99  21:21  Marine x2  
  99  21:23  Marine  
  99  21:24  Marine  
  103  21:31  Marauder, Missile Turret  
  105  21:33  Missile Turret  
  105  21:39  Marine x2  
  107  21:41  Marine  
  107  21:42  Marine  
  109  21:49  Thor  
  109  21:52  Marauder  
  116  21:57  Marine x2  
  116  21:59  Marine x2  
  90  22:14  Marine x2, Marauder  
  94  22:17  Marine x2  
  86  22:32  Marine x2  
  86  22:35  Marine x2, Marauder  
  84  22:40  Thor  
  84  22:47  Orbital Command  
  84  22:50  Marine x2  
  86  22:53  Marine  
  86  22:56  Marauder  
  89  22:59  Marine  
  90  23:08  Marine x2  
  91  23:18  Marauder  
  86  23:34  Marine x2  
  86  23:39  Marauder  
  59  24:00  Marine x2  
  59  24:01  Marine x2, Marauder  
  57  24:22  Marauder  
  41  24:40  Marine  
  41  24:41  Marine x3  
  41  24:43  Marauder  
  45  24:58  Marine  
Tags
 
League
GoldGold
Matchup
TvZ
Spawn Locations
Cross Positions
Add a new tag
Caveats
  • Supply blocks, unpowered buildings, or Contaminate may cause inaccurate times.
  • Supply counts are checked every 10 seconds.